 Dungeon Crawl Stone Soup version 0.17.0-23-g0de4337 (console) character file.

25 gw the Conjurer (level 2, -6/23 HPs)
             Began as a Draconian Conjurer on Nov 14, 2015.
             Mangled by a worm (10 damage)
             ... on level 2 of the Dungeon.
             The game lasted 00:01:13 (1377 turns).

gw the Conjurer (Draconian Conjurer)                Turns: 1377, Time: 00:01:13

Health: -6/23      AC:  5    Str: 10    XL:     2   Next: 86%
Magic:  0/5        EV: 12    Int: 15    God:
Gold:   37         SH:  0    Dex: 11    Spells: 2 memorised, 3 levels left

rFire  . . .     SeeInvis .     b - +0 short sword
rCold  . . .     Clarity  .     (armour unavailable)
rNeg   . . .     SustAt   .     (no shield)
rPois  .         Gourm    .     (helmet restricted)
rElec  .         Spirit   .     (no cloak)
rCorr  .         Warding  .     (no gloves)
rMut   .         Stasis   .     (no boots)
MR     .....                    (no amulet)
Stlth  ++........               k - +2 ring of slaying
                                d - +1 ring of protection

@: not resistant to hostile enchantments, unstealthy
A: unfitting armour, cold-blooded, AC +4
a: no special abilities


You were on level 2 of the Dungeon.
You were not hungry.

You visited 1 branch of the dungeon, and saw 2 of its levels.

You collected 37 gold pieces.

Inventory:

Hand Weapons
 b - a +0 short sword (weapon)
Missiles
 g - 69 stones (quivered)
 h - 33 poisoned needles
Jewellery
 d - a +1 ring of protection (left hand)
 k - a +2 ring of slaying (right hand)
Books
 a - a book of Conjurations

   Spells                             Type                      Level
   a - Magic Dart                     Conjuration                  1
   b - Searing Ray                    Conjuration                  2
   c - Dazzling Spray                 Conjuration/Hexes            3
   d - Fulminant Prism                Conjuration/Hexes            4
   e - Iskenderun's Mystic Blast      Conjuration                  4
   f - Iskenderun's Battlesphere      Conjuration/Charms           5
Comestibles
 e - a bread ration


   Skills:
 + Level 1.2 Fighting
 + Level 2.0 Dodging
 - Level 1.7 Stealth
 * Level 2.5 Spellcasting
 + Level 4.2 Conjurations


You had 3 spell levels left.
You knew the following spells:

 Your Spells              Type           Power        Failure   Level  Hunger
a - Magic Dart            Conj           ##..         4%          1    #......
b - Searing Ray           Conj           ##....       8%          2    ###....


Dungeon Overview and Level Annotations

Branches:
Dungeon (2/15)

Altars:


Innate Abilities, Weirdness & Mutations

Your plain brown scales are hard (AC +4).
Your body does not fit into most forms of armour.
You are cold-blooded and may be slowed by cold attacks.


Message History

The hobgoblin shouts!
The goblin shouts!
Trying to move but square is occupied??
Making a random move The giant gecko barely misses you.
The hobgoblin hits you with a club.
The hobgoblin hits you but does no damage.
ATTACKING (-1,-1)
You miss the giant gecko.
Your tail-slap misses the giant gecko.
The giant gecko misses you. The goblin hits you but does no damage.
The hobgoblin hits you but does no damage.
The hobgoblin hits you. The giant gecko bites you. The worm closely misses you.
ATTACKING (-1,-1)
You barely miss the giant gecko. The giant gecko closely misses you.
The hobgoblin misses you. The goblin hits you with a club.
The hobgoblin closely misses you.
Trying to move but square is occupied??
Making a random move You hit the hobgoblin.
You tail-slap the hobgoblin.
You kill the hobgoblin!
The giant gecko misses you. The worm bites you!
You die...

.###########
.$.........#
...$.......#
...........###
.............
#.......(..####
#.....l.g..<..#
### #.....gd....#
#.. #######w#.#.#
#.# #.#.# #.######
#.#.# #<......
#(#.# #.######
#.#.# #.(..(.(
#.#.. ########
#(################
#(.(..(..(.((.....


You could see a worm, a giant gecko, a hobgoblin and a goblin.

Table legend:
 A = Turns spent in this place as a percentage of turns spent in the entire game.
 B = Non-inter-level travel turns spent in this place as a percentage of non-inter-level travel turns spent in the entire game.
 C = Inter-level travel turns spent in this place as a percentage of turns spent in this place.
 D = Turns resting spent in this place as a percentage of non-inter-level travel turns spent in this place.
 E = Turns spent auto-exploring this place as a percentage of non-inter-level travel turns spent in this place.
 F = Non-inter-level travel turns spent in this place divided by the number of levels of this place that you've seen.
                   A       B       C       D       E      F
               +-------+-------+-------+-------+-------+----------------------
         Total | 100.0 | 100.0 |   0.6 |   3.0 |   2.7 | 807.5
       Dungeon | 100.0 | 100.0 |   0.6 |   3.0 |   2.7 | 807.5
               +-------+-------+-------+-------+-------+----------------------

Table legend:
 A = Kills in this place as a percentage of kills in entire the game.
 B = Kills by you in this place as a percentage of kills by you in the entire game.
 C = Kills by friends in this place as a percentage of kills by friends in the entire game.
 D = Other kills in this place as a percentage of other kills in the entire game.
 E = Experience gained in this place as a percentage of experience gained in the entire game.
 F = Experience gained in this place divided by the number of levels of this place that you have seen.
                   A       B       C       D       E      F
               +-------+-------+-------+-------+-------+----------------------
         Total | 100.0 | 100.0 |  -nan |  -nan | 100.0 |  18.5
       Dungeon | 100.0 | 100.0 |  -nan |  -nan | 100.0 |  18.5
               +-------+-------+-------+-------+-------+----------------------

Vanquished Creatures
  4 bats (D:1)
  2 giant cockroaches (D:1)
  8 goblins (D:1)
  2 hobgoblins
  3 giant newts (D:1)
  4 kobolds
  2 rats (D:1)
25 creatures vanquished.

Notes
Turn   | Place    | Note
--------------------------------------------------------------
     0 | D:1      | gw the Draconian Conjurer began the quest for the Orb.
     0 | D:1      | Reached XP level 1. HP: 14/14 MP: 3/3
   394 | D:1      | Reached XP level 2. HP: 22/22 MP: 0/5
   457 | D:1      | Learned a level 2 spell: Searing Ray
  1035 | D:1      | Reached skill level 1 in Fighting
  1377 | D:2      | Mangled by a worm

Action                   || total
-------------------------++-------
Melee: Short sword       ||    16
Throw: Stone             ||    20
 Cast: Magic Dart        ||    45
  Use: Potion            ||     4
       Scroll            ||     3
  Eat: Chunk             ||     2

Vault maps used:
D:1:      grunt_arrival_crossed_arrows, minmay_misc_feat_chi
D:2:      lemuel_crystal_altar, minmay_misc_feat_nine_boxes,
          nicolae_ru_the_path_less_chosen
